 Dungeon Crawl Stone Soup version 0.19.0-2-gae57169 (webtiles) character file.

589 Exaltedone87 the Chopper (level 7, -6/60 HPs)
             Began as a Black Draconian Berserker on Nov 4, 2016.
             Was a Believer of Trog.
             Killed themself with a bounced orb of electricity (7 damage)
             ... on level 5 of the Dungeon.
             The game lasted 00:13:58 (4301 turns).

Exaltedone87 the Chopper (DrBe)                     Turns: 4301, Time: 00:13:59

Health: -6/60      AC: 10    Str: 26    XL:     7   Next: 15%
Magic:  7/7        EV: 13    Int:  8    God:    Trog [**....]
Gold:   150        SH:  0    Dex: 10    Spells: 0 memorised, 6 levels left

rFire  . . .     SeeInvis +     a - +0 hand axe
rCold  . . .     Gourm    .     (armour unavailable)
rNeg   . . .     Faith    .     (no shield)
rPois  .         Spirit   .     (helmet restricted)
rElec  +         Reflect  .     f - +2 cloak
rCorr  .         Harm     .     e - +0 pair of gloves
MR     +++..     Rnd*Tele +     (no boots)
Stlth  ++........               (no amulet)
                                l - ring of protection from magic
                                j - ring of see invisible

@: mighty, exhausted, marked, regenerating, slowed, very slow
A: breathe lightning, unfitting armour, antennae 1, claws 1, electricity
resistance, teleportitis 1, cold-blooded, AC +6
a: Breathe Lightning, Berserk, Trog's Hand, Burn Spellbooks, Renounce Religion


You were on level 5 of the Dungeon.
You worshipped Trog.
Trog was pleased with you.
You were near starving.

You visited 1 branch of the dungeon, and saw 5 of its levels.

You collected 150 gold pieces.

Inventory:

Hand Weapons
 a - a +0 hand axe (weapon)
 m - a +1 hand axe of chopping
Missiles
 c - 2 steel javelins (quivered)
Armour
 e - a +0 pair of gloves (worn)
 f - a +2 cloak (worn)
Jewellery
 j - a ring of see invisible (left hand)
 l - a ring of protection from magic (right hand)
 s - an uncursed ring of protection from magic
Scrolls
 d - 2 scrolls of amnesia
 i - 5 scrolls of remove curse
 k - 4 scrolls of teleportation
 n - a scroll of fear {unknown}
 o - a scroll of identify
 q - a scroll of fog
Comestibles
 b - 3 bread rations
 g - 3 meat rations
 h - 6 fruits


   Skills:
 + Level 4.3 Fighting
 + Level 6.0 Axes
 + Level 4.2 Dodging
 + Level 3.1 Stealth


You had 6 spell levels left.
You didn't know any spells.

Dungeon Overview and Level Annotations

Branches:
Dungeon (5/15)
 Temple: D:4-7

Altars:

Annotations:
D:5 Pikel


Innate Abilities, Weirdness & Mutations

You can breathe wild blasts of lightning.
Your glossy black scales are hard. (AC +6)
You cannot fit into any form of body armour.
You are resistant to electric shocks. (rElec)
You are cold-blooded and may be slowed by cold attacks.
You have a pair of small antennae on your head.
You have sharp fingernails.
You are occasionally teleported next to monsters.


Message History

Pikel freezes you.
* * * LOW HITPOINT WARNING * * *
The howler monkey hoots and howls with incredible vigour!
A worker ant comes into view.
You breathe a wild blast of lightning!
The zap hits Pikel.
Pikel is heavily wounded.
The zap hits the slave.
The slave is heavily wounded.
The zap hits the slave.
The slave is heavily wounded.
The zap misses Pikel.
The zap hits the slave.
The slave is moderately wounded.
The zap hits the slave.
The slave is moderately wounded.
The orb of electricity explodes!
The orb of electricity engulfs the howler monkey.
You kill the howler monkey!
Trog accepts your kill. The orb of electricity engulfs you! You resist.
You die...

.......#.##...#
#.p..##.[.#
##.####...#
#######p# #...#
........## #...#
#######a.#<....#
## #ppp...# #.
#K##...# #. #@#
#..# #. #†# ....
#. #o# #.### #.


oo# ..# .# #. ### #.##.# #. #######.##.# #. #....)...#.# #. #........#.# #.
#........#.# ## You could see Pikel, 2 slaves, a worker ant and 3 orcs.

Vanquished Creatures
  A scorpion (D:4)
  A howler monkey (D:5)
  A crimson imp (D:5)
  A jelly (D:5)
  An orc priest (D:4)
  A bullfrog skeleton (D:4)
  An iguana (D:4)
  4 orc wizards
  2 worker ants (D:5)
  A hound skeleton (D:4)
  7 adders
  A shadow imp (D:5)
  2 oozes
  A worm (D:2)
  A dart slug (D:2)
  3 leopard geckos
  13 orcs
  4 ball pythons
  4 giant cockroaches
  14 goblins
  6 hobgoblins
  6 kobolds
  3 quokkas
  4 bats
  6 frilled lizards
  A leopard gecko zombie (D:5)
  A quokka skeleton (D:4)
  5 rats
96 creatures vanquished.

Notes
Turn   | Place    | Note
-------+----------+-------------------------------------------
     0 | D:1      | Exaltedone87 the Draconian Berserker began the quest for the Orb.
     0 | D:1      | Reached XP level 1. HP: 19/19 MP: 1/1
    90 | D:1      | Reached XP level 2. HP: 5/26 MP: 2/2
   654 | D:1      | Reached XP level 3. HP: 31/33 MP: 3/3
  1426 | D:2      | Reached XP level 4. HP: 40/40 MP: 4/4
  1483 | D:2      | Reached skill level 4 in Axes
  1493 | D:2      | Reached ** piety under Trog
  2527 | D:3      | Reached skill level 1 in Stealth
  2886 | D:3      | Reached XP level 5. HP: 46/46 MP: 5/5
  2944 | D:3      | Gained mutation: You have a pair of small antennae on your head. [potion of mutation]
  2944 | D:3      | Gained mutation: You have sharp fingernails. [potion of mutation]
  2944 | D:3      | Gained mutation: You are occasionally teleported next to monsters. [potion of mutation]
  3211 | D:4      | Reached skill level 5 in Axes
  3408 | D:4      | Reached XP level 6. HP: 43/52 MP: 6/6
  3801 | D:5      | Entered Level 5 of the Dungeon
  4194 | D:5      | Your scales start taking on a glossy black colour.
  4194 | D:5      | Reached XP level 7. HP: 47/59 MP: 7/7
  4194 | D:5      | Gained mutation: You are resistant to electric shocks. (rElec) [Black Draconian growth]
  4234 | D:5      | Reached *** piety under Trog
  4234 | D:5      | Reached skill level 6 in Axes
  4247 | D:5      | Noticed Pikel
  4272 | D:5      | HP: 2/59 [slave[Pikel] (8)]
  4282 | D:5      | HP: 2/59 [Pikel/whip of freezing (2)]
  4299 | D:5      | HP: 2/59 [Pikel/whip of freezing (1)]
  4301 | D:5      | Killed themself with a bounced orb of electricity

Skill      XL: |  1  2  3  4  5  6  7 |
---------------+----------------------+-----
Dodging        | 3 4 |  4.2
Axes           | 4 5 6 |  6.0
Fighting       | 4 |  4.3
Stealth        | 1 3 |  3.1

Action                   |  1- 3 |  4- 6 |  7- 9 || total
-------------------------+-------+-------+-------++-------
Melee: Hand axe          |   103 |   222 |    21 ||   346
       Tailslap          |     9 |    27 |     2 ||    38
Throw: Javelin           |       |     2 |       ||     2
Invok: Berserk           |     1 |     1 |     1 ||     3
       Trog's Hand       |       |     3 |     2 ||     5
  Use: Scroll            |     1 |     9 |       ||    10
       Potion            |     1 |     3 |     2 ||     6
 Stab: Sleeping          |     1 |     8 |       ||     9
  Eat: Bread ration      |     1 |     1 |       ||     2
       Meat ration       |       |     1 |       ||     1
Armor: Skin              |    36 |    73 |    13 ||   122
Dodge: Dodged            |    82 |   135 |    41 ||   258
